 Dungeon Crawl Stone Soup version 0.23.2-40-g277498a001 (webtiles) character file.

Game seed: 17742344413726374132

52 Iskender the Sneak (level 3, 0/17 HPs)
             Began as a Felid Chaos Knight on Oct 11, 2019.
             Was a Plaything of Xom.
             Slain by Crazy Yiuf
             ... wielding a +3 quarterstaff of chaos
              (10 damage)
             ... on level 2 of the Dungeon.
             The game lasted 00:07:10 (2429 turns).

Iskender the Sneak (Felid Chaos Knight)             Turns: 2429, Time: 00:07:10

Health: 0/17       AC:  1    Str:  8    XL:     3   Next: 60%
Magic:  4/4        EV: 18    Int: 14    God:    Xom [..*...]
Gold:   122        SH:  0    Dex: 15    Spells: 2/2 levels left
                                        Lives:  0   Deaths: 0

rFire    . . .     SeeInvis +     - Unarmed
rCold    . . .     Gourm    .   (shield unavailable)
rNeg     . . .     Faith    .   (armour unavailable)
rPois    .         Spirit   .   (helmet unavailable)
rElec    .         Reflect  .   (cloak unavailable)
rCorr    .         Harm     .   (gloves unavailable)
MR       .....                  (boots unavailable)
Stlth    +++.......             (no amulet)
HPRegen  0.05/turn              (no ring)
MPRegen  0.09/turn              (no ring)

@: quick
A: very small, no armour, no weapons or thrown items, stealth, claws 1, fangs 3,
see invisible, carnivore, speed 1, shaggy fur 1, slow metabolism 1, sharp paws
a: Renounce Religion


You were on level 2 of the Dungeon.
You worshipped Xom.
You were a toy of Xom.
You were completely stuffed.

You visited 1 branch of the dungeon, and saw 2 of its levels.

You collected 122 gold pieces.

Inventory:

Scrolls
 b - a scroll of amnesia {unknown}
 d - a scroll of teleportation {unknown}
 h - a scroll of remove curse {unknown}
 i - 2 scrolls of fear
Potions
 e - a potion of haste {unknown}
Comestibles
 a - 3 rations


   Skills:
 - Level 3.0 Fighting
 - Level 3.2 Dodging
 - Level 4.4 Stealth
 + Level 3.3 Unarmed Combat


You had 2 spell levels left.
You didn't know any spells.
Your spell library was empty.

Dungeon Overview and Level Annotations

Branches:
Dungeon (2/15)

Altars:
Qazlal

Annotations:
D:2 Crazy Yiuf, Jessica


Innate Abilities, Weirdness & Mutations

You cannot wear armour.
You are incapable of wielding weapons or throwing items.
Your paws allow you to move quietly. (Stealth)
You have sharp claws.
You have razor-sharp teeth.
You have supernaturally acute eyesight. (SInv)
You are carnivorous and can eat meat at any time.
You cover ground quickly.
You are covered in fur. (AC +1)
You have a slow metabolism.
Your sharp claws are effective at attacking unaware monsters.


Message History

Crazy Yiuf whimpers, "Snower arm eyeball!"
You scratch Crazy Yiuf. You bite Crazy Yiuf, but do no damage.
Crazy Yiuf is moderately wounded.
Crazy Yiuf barely misses you.
You scratch Crazy Yiuf.
Crazy Yiuf is heavily wounded.
Crazy Yiuf says, "My goal is simple.
It is a complete understanding of the universe, why it is as it is and why it exists at all."
You scratch Crazy Yiuf.
Crazy Yiuf is severely wounded.
Crazy Yiuf closely misses you.
You closely miss Crazy Yiuf.
Crazy Yiuf is severely wounded.
Crazy Yiuf barely misses you.
Crazy Yiuf cries, "Sif Muna mobile green!"
Crazy Yiuf closely misses you.
You closely miss Crazy Yiuf.
Crazy Yiuf is severely wounded.
Crazy Yiuf hits you with a +3 quarterstaff of chaos!
Ouch! That really hurt!
You die...

#####
#####...##
#...@g...##
#.####....#
#.# #....#
#.# ♣..P.♣
#.# ♣♣...♣
#.# ♣♣.♣♣
#.# ♣♣.♣
#.# ♣.♣♣
#.# ♣♣g♣


You could see Crazy Yiuf.

Vanquished Creatures
  An adder (D:2)
  An ooze (D:1)
  4 dart slugs
  A leopard gecko (D:1)
  3 bats
  A giant cockroach (D:2)
  6 goblins
  5 hobgoblins (D:2)
  3 kobolds (D:2)
  3 rats
28 creatures vanquished.

Notes
Turn   | Place    | Note
-------+----------+-------------------------------------------
     0 | D:1      | Iskender the Felid Chaos Knight began the quest for the
                  | Orb.
     0 | D:1      | Reached XP level 1. HP: 10/10 MP: 2/2
   110 | D:1      | Reached skill level 1 in Stealth
   134 | D:1      | XOM: butterfly on damage
   135 | D:1      | Reached skill level 2 in Stealth
   340 | D:1      | Reached XP level 2. HP: 11/14 MP: 3/3
   425 | D:1      | Reached skill level 3 in Stealth
   805 | D:1      | XOM: divination: magic mapping
   917 | D:1      | XOM: divination: detect items
  1225 | D:2      | XOM is BORED!
  1225 | D:2      | XOM: medium Hex miscast
  1283 | D:2      | XOM: harmless Ice miscast
  1355 | D:2      | Reached skill level 4 in Stealth
  1358 | D:2      | Reached XP level 3. HP: 17/17 MP: 4/4
  1374 | D:2      | XOM: harmless Conj miscast
  1473 | D:2      | Found a runed translucent door.
  1474 | D:2      | Noticed Crazy Yiuf
  1530 | D:2      | Noticed Jessica
  1576 | D:2      | XOM: divination: detect creatures
  1609 | D:2      | Found a stormy altar of Qazlal.
  1917 | D:2      | XOM: smoke on damage
  2429 | D:2      | Slain by Crazy Yiuf

Skill      XL: |  1  2 |
---------------+-------+-----
Stealth        | 2 4 |  4.4
Fighting       | |  3.0
Dodging        | |  3.2
Unarmed Combat | |  3.3

Action                   || total
-------------------------++-------
Melee: Unarmed           ||    94
       Bite              ||     4
       Punch             ||     1
  Use: Scroll            ||     2
       Potion            ||     1
 Stab: Sleeping          ||     7
       Distracted        ||     1
  Eat: Chunk             ||    10
Armor: Skin              ||     2
Dodge: Dodged            ||    62
